 Dungeon Crawl Stone Soup version 0.30-a0-385-gfebfb9b408 (webtiles) character file.

Game seed: 17249004870182937513

175 funkygono the Firebug (level 5, -8/35 HPs)
             Began as a Demonspawn Fire Elementalist on Dec 2, 2022.
             Killed by divine providence
             ... invoked by an orc priest
              (12 damage)
             ... on level 3 of the Dungeon.
             The game lasted 00:04:29 (2960 turns).

funkygono the Firebug (DsFE)                        Turns: 2960, Time: 00:04:30

Health: -8/35      AC:  2    Str:  8    XL:     5   Next: 29%
Magic:  13/19      EV: 12    Int: 18    God:
Gold:   83         SH:  0    Dex: 14    Spells: 4/10 levels left

rFire   . . .      SeeInvis .    e - +0 dagger (drain)
rCold   . . .      Faith    .    (no shield)
rNeg    . . .      Spirit   .    a - +0 robe
rPois   .          Reflect  .    (no helmet)
rElec   .          Harm     .    (no cloak)
rCorr   .          Rampage  .    (no gloves)
Will    .....                    (no boots)
Stlth   ++........               (no amulet)
HPRegen 0.25/turn                k - ring of magical power
MPRegen 0.16/turn                (no ring)

@: no status effects
A: spiny 2, weakness stinger 1
a: no special abilities


You were on level 3 of the Dungeon.
You visited 1 branch of the dungeon, and saw 3 of its levels.

You collected 83 gold pieces.

Inventory:

Hand Weapons
 e - a +0 dagger of draining (weapon)
Armour
 a - a +0 robe (worn)
 l - a +0 leather armour
 r - a +1 ring mail of fire resistance
 s - an orb of wrath
Jewellery
 k - a ring of magical power (left hand)
Scrolls
 d - a scroll of butterflies {unknown}
 f - 2 scrolls of teleportation {unknown}
 g - a scroll of enchant weapon {unknown}
 j - 3 scrolls of amnesia {unknown}
 n - a scroll of magic mapping {unknown}
 p - a scroll of silence {unknown}
 q - a scroll of identify {unknown}
Potions
 b - 2 potions of magic
 c - 2 potions of attraction {unknown}
 h - a potion of ambrosia {unknown}
 i - a potion of heal wounds {unknown}
 m - 3 potions of curing {unknown}
 o - a potion of mutation {unknown}
 t - a potion of flight {unknown}


   Skills:
 + Level 0.2 Fighting
 + Level 2.0 Dodging
 - Level 1.7 Stealth
 + Level 3.4 Spellcasting
 + Level 1.5 Conjurations
 + Level 4.3 Fire Magic


You had 4 spell levels left.
You knew the following spells:

 Your Spells              Type           Power      Damage    Failure   Level
a - Foxfire               Conj/Fire      52%        2x1d6     4%          1
b - Scorch                Fire           36%        2d7       3%          2
c - Kindle Blastsparks    Fire/Tloc/Air  16%        2d11      26%         3

Your spell library contained the following spells:

 Spells                   Type           Power      Damage    Failure   Level
 Inner Flame              Hex/Fire       10%        N/A       19%         3
 Flame Wave               Conj/Fire      13%        2d6       43%         4


Dungeon Overview and Level Annotations

Branches:
Dungeon (3/15)

Altars:
Cheibriados


Innate Abilities, Weirdness & Mutations

You are mostly covered in sharp spines.
You have a small tail.


Message History

You grow a small tail.
Casting: Foxfire (safe; 4% risk of failure)
Confirm with . or Enter, or press ? or * to list all spells.
You can't see any susceptible monsters within range! (Use Z to cast anyway.) Unknown command.
Casting: Foxfire (safe; 4% risk of failure)
Confirm with . or Enter, or press ? or * to list all spells.
You conjure some foxfire!
The foxfire hits something.
Unknown command.
Magic courses through your body.
The foxfire hits something.
The foxfire hits the orc priest.
The orc priest is lightly wounded.
Something hits you.
* * * LOW HITPOINT WARNING * * *
Casting: Foxfire (safe; 4% risk of failure)
Confirm with . or Enter, or press ? or * to list all spells.
You conjure some foxfire!
Something barely misses you.
The foxfire hits the orc priest.
The orc priest is heavily wounded.
Casting: Foxfire (safe; 4% risk of failure)
Confirm with . or Enter, or press ? or * to list all spells.
Flames lash something.
Reactivating autopickup.
You feel a bit more experienced.
The foxfire hits the orc priest but does no damage.
The orc priest is heavily wounded.
Casting: Scorch (safe; 3% risk of failure)
Confirm with . or Enter, or press ? or * to list all spells.
Flames lash the orc priest.
The orc priest is heavily wounded.
The orc priest's fire resistance burns away.
The orc priest barely misses you.
Unknown command.
Casting: Scorch (safe; 3% risk of failure)
Confirm with . or Enter, or press ? or * to list all spells.
Flames lash the orc priest.
The orc priest is burned terribly!
The orc priest is almost dead.
The orc priest calls down the wrath of Beogh upon you.
Beogh smites you!
You die...

.# .#########
.......... ###
##.####### ##.. ##.#
..##>.. #..#
........#### #.##
............#
..#####..#.......#.#
..#......#.#.§§#@#.#
.........#.....o)#.#
##.......#....)..#.#
#.......#.......#.#
##.###...#.#...#.#.#
#......#.#.......#.#
...##..#.##.....##.#
.........###$⌠$###.#
.#..##....#######..#


You could see an orc priest (combustible).

Vanquished Creatures
  An orc priest (D:3)
  An iguana (D:3)
  An orc wizard (D:3)
  3 adders
  A dart slug (D:1)
  5 orcs (D:3)
  6 giant cockroaches
  4 goblins
  6 hobgoblins
  3 jackals (D:3)
  5 kobolds
  4 quokkas
  8 ball pythons
  5 bats
  2 frilled lizards
  5 rats
60 creatures vanquished.

Vanquished Creatures (others)
  169 foxfires
169 creatures vanquished.

Grand Total: 229 creatures vanquished

Notes
Turn   | Place    | Note
-------+----------+-------------------------------------------
     0 | D:1      | funkygono the Demonspawn Fire Elementalist began the quest
                  | for the Orb.
     0 | D:1      | Reached XP level 1. HP: 13/13 MP: 3/3
   213 | D:1      | Gained mutation: You are partially covered in sharp spines.
                  | [demonic ancestry]
   213 | D:1      | Reached XP level 2. HP: 18/19 MP: 1/5
   322 | D:1      | Reached skill level 3 in Fire Magic
   697 | D:1      | Learned a level 2 spell: Scorch
  1036 | D:1      | Gained mutation: You are mostly covered in sharp spines.
                  | [demonic ancestry]
  1036 | D:1      | Reached XP level 3. HP: 24/24 MP: 6/6
  1040 | D:1      | Learned a level 3 spell: Kindle Blastsparks
  2266 | D:3      | Reached XP level 4. HP: 30/30 MP: 8/8
  2782 | D:3      | Found a snail-covered altar of Cheibriados.
  2955 | D:3      | Reached skill level 4 in Fire Magic
  2955 | D:3      | Gained mutation: You have a small tail. [demonic ancestry]
  2955 | D:3      | Reached XP level 5. HP: 5/35 MP: 10/10
  2960 | D:3      | Killed from afar by an orc priest

Illustrated notes

Levels and vault maps discovered:
D:1:      kennysheep_arrival_seaside, layout_basic
D:2:      layout_loops_corners, eino_tiny_chamber
D:3:      cheibrodos_pilgrimage, layout_rooms, nicolae_overflow_hidden_temple,
          overflow_temple_1_default

Skill      XL: |  1  2  3  4 |
---------------+-------------+-----
Fire Magic     | 3 4 |  4.3
Spellcasting   | 3 |  3.4
Dodging        | 2 |  2.0
Fighting       | |  0.2
Stealth        | |  1.7
Conjurations   | |  1.5

Action                   |  1- 3 |  4- 6 || total
-------------------------+-------+-------++-------
Melee: Dagger            |     5 |       ||     5
 Cast: Foxfire           |    60 |    39 ||    99
       Scorch            |     8 |     6 ||    14
  Use: Potion            |       |     1 ||     1
Armor: Robe              |     4 |     1 ||     5
Dodge: Dodged            |     8 |     5 ||    13

Table legend: (Time is in decaauts)
 A = Elapsed time spent in this place.
 B = Non-inter-level travel time spent in this place.
 C = Inter-level travel time spent in this place.
 D = Time resting spent in this place.
 E = Time spent auto-exploring this place.
 F = Levels seen in this place.
 G = Mean time per level.
                   A        B        C        D        E       F      G
               +--------+--------+--------+--------+--------+-----+--------+
         Total |   2960 |   2907 |     53 |    108 |   2386 |   3 |  986.7 |
       Dungeon |   2960 |   2907 |     53 |    108 |   2386 |   3 |  986.7 |
               +--------+--------+--------+--------+--------+-----+--------+

Top non-repeatable levels by time:
     D:1: 1193 daAuts
     D:2: 1066 daAuts
     D:3: 699 daAuts
